 Dungeon Crawl Stone Soup version 0.21-a0-504-g2eda330 (webtiles) character file.

3301 kae the Grappler (level 9, -10/89 HPs)
             Began as a Troll Monk on Nov 26, 2017.
             Was a Believer of Wu Jian.
             Mangled by a two-headed ogre
             ... wielding a cursed -3 giant club
              (17 damage)
             ... on level 8 of the Dungeon.
             The game lasted 00:08:57 (6490 turns).

kae the Grappler (Troll Monk)                       Turns: 6490, Time: 00:08:58

Health: -10/89     AC:  9    Str: 21    XL:     9   Next: 70%
Magic:  8/8        EV: 13    Int:  6    God:    Wu Jian [**....]
Gold:   338        SH:  5    Dex: 15    Spells: 8/8 levels left

rFire    . . .     SeeInvis .     - Unarmed
rCold    + . .     Gourm    +   (no shield)
rNeg     . . .     Faith    .   a - +0 robe
rPois    .         Spirit   .   (helmet restricted)
rElec    .         Reflect  +   v - +0 cloak
rCorr    .         Harm     .   (gloves unavailable)
MR       .....                  (boots unavailable)
Stlth    ++........             f - +5 amulet of reflection
HPRegen  0.64/turn              w - +1 ring of protection (curse)
MPRegen  0.11/turn              y - ring of protection from cold

@: no status effects
A: large, unfitting armour, antennae 1, claws 3, slimy green scales 1, fast
metabolism 3, gourmand, regeneration 1, shaggy fur 1, tough skin 2
a: Renounce Religion


You were on level 8 of the Dungeon.
You worshipped Wu Jian.
Wu Jian was pleased with you.
You were completely stuffed.

You visited 1 branch of the dungeon, and saw 9 of its levels.

You collected 438 gold pieces.
You spent 100 gold pieces at shops.

Inventory:

Armour
 a - a +0 robe (worn)
 v - a +0 cloak (worn)
Jewellery
 f - a +5 amulet of reflection (around neck)
 w - a cursed +1 ring of protection (left claw)
 y - a ring of protection from cold (right claw)
Wands
 d - a wand of paralysis (16)
 i - a wand of digging (7)
 k - a wand of polymorph (15)
 q - a wand of flame (42)
Scrolls
 c - 2 scrolls of remove curse
 e - 2 scrolls of immolation
 l - a scroll of blinking
 m - 3 scrolls of teleportation
 r - 2 scrolls of magic mapping
 s - 3 scrolls of identify
Potions
 h - a potion of haste
 j - 4 potions of curing
 o - 2 potions of might
 t - 4 potions of lignification
 u - a potion of agility
 x - a potion of ambrosia
 z - a potion of flight
Books
 A - a book of Maledictions

   Spells                             Type                      Level
   a - Corona                         Hexes                        1
   b - Ensorcelled Hibernation        Hexes/Ice                    2
   c - Confuse                        Hexes                        3
   d - Tukima's Dance                 Hexes                        3
   e - Dazzling Spray                 Conjuration/Hexes            3
Comestibles
 b - 7 bread rations
 g - 2 meat rations
 n - 8 royal jellies
 p - 4 fruits
 B - 2 chunks of flesh


   Skills:
 + Level 6.2 Fighting
 + Level 6.2 Dodging
 - Level 1.0 Stealth
 * Level 10.2 Unarmed Combat


You had 8 spell levels left.
You didn't know any spells.

Dungeon Overview and Level Annotations

Branches:
Dungeon (9/15)             Temple (0/1) D:6
   Lair: D:8-11         Orc: D:9-12

Altars:
Ashenzari
Elyvilon
Qazlal
Trog
Wu Jian
Xom

Shops:
D:6 }?!}!


Innate Abilities, Weirdness & Mutations

You are too large for most types of armour.
You have claws for hands.
Your metabolism is lightning-fast.
You like to eat raw meat.
Your natural rate of healing is unusually fast.
You are covered in fur. (AC +1)
You have very tough skin. (AC +2)
You have a pair of small antennae on your head.
You are partially covered in slimy green scales. (AC +2)


Message History

The Council accepts your kill.
Things that are here:
a shortbow; 25 arrows; a centaur corpse You butcher the centaur corpse.
A tengu warrior comes into view. It is wielding a war axe.
Things that are here:
a shortbow; 25 arrows; a chunk of flesh A tengu warrior is nearby!
There is a stone staircase leading up here.
A tengu warrior is nearby!
A kobold demonologist comes into view. It is wielding a dagger.
The kobold demonologist shouts!
You hear a shout!
A wyvern comes into view.
The wyvern hisses angrily.
You climb upwards.
The two-headed ogre closely misses you. The two-headed ogre barely misses you.
The two-headed ogre hits you with a giant club!!
* * * LOW HITPOINT WARNING * * *
The two-headed ogre hits you with a giant club!
You die...

#.# #$.. ... #..#
#.# #..# #.#####
...# #.#....
###..# #.#.#.#
.... #.#.#.#
#O####.#.#.###[###
#@...)............
########...###.#
###.# #.# #.# #.#
#)#######
#)รท).....
#...[)...


You could see a two-headed ogre.

Vanquished Creatures
  Eustachio (D:4)
  Menkaure (D:6)
  Duvessa (D:7)
  2 orc warriors
  An ice beast (D:8)
  4 ogres
  3 centaurs
  4 bullfrogs
  2 big kobolds
  A gnoll sergeant (D:8)
  Dowan (D:7)
  A water moccasin zombie (D:7)
  A scorpion (D:5)
  5 killer bees (D:7)
  A crimson imp (D:5)
  5 orc priests
  8 hounds
  2 jellies (D:7)
  Crazy Yiuf (D:2)
  2 iguanas
  9 orc wizards
  A worker ant (D:7)
  Ijyb (D:3)
  A hound zombie (D:7)
  A hound skeleton (D:4)
  14 gnolls
  A howler monkey skeleton (D:5)
  6 adders
  2 shadow imps
  An ooze (D:1)
  4 worms
  2 dart slugs
  2 leopard geckos
  21 orcs
  2 ball pythons
  8 bats
  5 giant cockroaches
  6 goblins
  11 hobgoblins
  6 jackals
  3 quokkas
  6 frilled lizards
  18 kobolds
  3 leopard gecko skeletons
  5 rats
186 creatures vanquished.

Vanquished Creatures (others)
  2 fungi (D:3)
2 creatures vanquished.

Grand Total: 188 creatures vanquished

Notes
Turn   | Place    | Note
-------+----------+-------------------------------------------
     0 | D:1      | kae the Troll Monk began the quest for the Orb.
     0 | D:1      | Reached XP level 1. HP: 22/22 MP: 0/0
   111 | D:1      | Reached XP level 2. HP: 29/29 MP: 1/1
   292 | D:1      | Reached XP level 3. HP: 34/36 MP: 2/2
   821 | D:2      | Found a stormy altar of Qazlal.
   825 | D:2      | Noticed an earth elemental
   830 | D:2      | Noticed an air elemental
   839 | D:2      | Noticed a water elemental
   847 | D:2      | Noticed a fire elemental
   939 | D:2      | Reached skill level 4 in Unarmed Combat
   939 | D:2      | Reached XP level 4. HP: 41/44 MP: 3/3
  1314 | D:2      | Reached XP level 5. HP: 53/53 MP: 4/4
  1551 | D:2      | Found a runed door.
  1960 | D:2      | Noticed Crazy Yiuf
  1965 | D:2      | Killed Crazy Yiuf
  2086 | D:3      | Noticed Ijyb
  2100 | D:3      | Gained mutation: You are partially covered in slimy green scales. (AC +2) [potion of mutation]
  2100 | D:3      | Gained mutation: You have a pair of small antennae on your head. [potion of mutation]
  2453 | D:3      | Reached skill level 5 in Unarmed Combat
  2537 | D:3      | Killed Ijyb
  2609 | D:3      | Reached XP level 6. HP: 52/61 MP: 5/5
  2653 | D:3      | Found a shattered altar of Ashenzari.
  2657 | D:3      | Saw a vision of the Swamp and the Spider Nest.
  2657 | D:3      | Noticed an alligator
  2657 | D:3      | Noticed a wolf spider
  2657 | D:3      | Noticed an alligator
  2657 | D:3      | Noticed a water moccasin
  2658 | D:3      | Noticed a hornet
  2658 | D:3      | Noticed a redback
  2659 | D:3      | Noticed a redback
  2788 | D:3      | Found a white marble altar of Elyvilon.
  3187 | D:4      | Noticed Eustachio
  3222 | D:4      | Killed Eustachio
  3281 | D:5      | Entered Level 5 of the Dungeon
  3318 | D:5      | Reached skill level 6 in Unarmed Combat
  3318 | D:5      | Reached XP level 7. HP: 64/68 MP: 6/6
  3619 | D:5      | Reached skill level 7 in Unarmed Combat
  3655 | D:5      | Reached XP level 8. HP: 35/79 MP: 7/7
  3886 | D:5      | Found an ornate altar of the Wu Jian Council.
  4142 | D:6      | Found Akiwywk's Magic Scroll Boutique.
  4174 | D:6      | Bought a scroll of identify for 24 gold pieces
  4174 | D:6      | Bought a scroll of identify for 24 gold pieces
  4407 | D:5      | Reached skill level 5 in Fighting
  4407 | D:5      | Reached skill level 5 in Dodging
  4407 | D:5      | Reached skill level 8 in Unarmed Combat
  4564 | D:6      | Found a shimmering altar of Xom.
  4579 | D:6      | Found Fuplu's Gadget Shop.
  4622 | D:6      | Noticed Menkaure
  4626 | D:6      | Killed Menkaure
  4634 | D:6      | Found a staircase to the Ecumenical Temple.
  4695 | D:6      | Found Jyasidgh's Gadget Emporium.
  4752 | D:6      | Found Zoceedef's Distillery.
  4755 | D:6      | Bought a potion of agility for 52 gold pieces
  4773 | D:6      | Found Vouqo's Distillery.
  5029 | D:5      | Found a bloodstained altar of Trog.
  5042 | D:5      | Became a worshipper of the Wu Jian Council
  5042 | D:5      | Reached * piety under Wu Jian
  5042 | D:5      | Reached ** piety under Wu Jian
  5089 | D:7      | Noticed Dowan
  5091 | D:7      | Noticed Duvessa
  5104 | D:7      | Killed Duvessa
  5104 | D:7      | Reached skill level 9 in Unarmed Combat
  5104 | D:7      | Reached XP level 9. HP: 86/88 MP: 8/8
  5110 | D:7      | Killed Dowan
  6418 | D:8      | Reached skill level 10 in Unarmed Combat
  6462 | D:8      | Noticed a two-headed ogre
  6483 | D:9      | Noticed a tengu warrior
  6487 | D:9      | Noticed a kobold demonologist
  6490 | D:8      | Mangled by a two-headed ogre

Vault maps used:
D:1:      dpeg_arrival_simpleton_c, hex_tiny
D:2:      nicolae_qazlal_style_of_elements, kennysheep_generic_room_12,
          uniq_crazy_yiuf_cottage
D:3:      marbit_many_paths, first_bread, grunt_ashenzari_visionary, uniq_ijyb
D:4:      uniq_eustachio
D:5:      nicolae_overflow_hidden_temple
D:6:      xom_teletrap_fun, minmay_temple_entry_nine_rooms, serial_shops,
          nicolae_shop_stone, shop, kennysheep_mini_moat, shop, shop,
          minmay_unpleasant_kobolds, uniq_menkaure
D:7:      lemuel_ice_spiral_2, uniq_duvessa
D:8:      the_bakery, hangedman_decor_peaks_small
D:9:      minmay_bloctagon_deflated, minitemple, minmay_misc_feat_tiny,
          grunt_dithmenos_smoke

Skill      XL: |  1  2  3  4  5  6  7  8  9 |
---------------+----------------------------+-----
Unarmed Combat | 4 5 6 7 9 10 | 10.2
Fighting       | 3 4 5 6 |  6.2
Dodging        | 3 4 5 6 |  6.2
Stealth        | |  1.0

Action                   |  1- 3 |  4- 6 |  7- 9 || total
-------------------------+-------+-------+-------++-------
Melee: Unarmed           |    74 |   213 |   290 ||   577
       Punch             |       |     5 |    16 ||    21
  Use: Potion            |       |     6 |       ||     6
       Scroll            |       |    12 |     3 ||    15
 Stab: Sleeping          |     2 |     3 |     3 ||     8
  Eat: Chunk             |    13 |    23 |    29 ||    65
Armor: Robe              |    25 |    84 |    67 ||   176
Dodge: Dodged            |    44 |   134 |   128 ||   306
Block: Other             |       |     2 |    49 ||    51
       Reflection        |       |       |     3 ||     3

Table legend:
 A = Spawn XP
 B = Non-spawn XP
 C = Spawn XP percentage of total XP
 D = Spawn monster count
 E = Non-spawn monster count
 F = Spawn count percentage of total count
 G = Total turns spent on level
                    A         B        C        D         E        F      G
               +---------+---------+-------+---------+---------+-------+---------
         Total |       0 |    4716 |   0.0 |       0 |     186 |   0.0 |  6490
               +---------+---------+-------+---------+---------+-------+---------
           D:1 |       0 |      62 |   0.0 |       0 |      32 |   0.0 |   784
           D:2 |       0 |     192 |   0.0 |       0 |      21 |   0.0 |  1467
           D:3 |       0 |     173 |   0.0 |       0 |      28 |   0.0 |   635
           D:4 |       0 |     323 |   0.0 |       0 |      11 |   0.0 |   466
           D:5 |       0 |     893 |   0.0 |       0 |      26 |   0.0 |  1053
           D:6 |       0 |    1056 |   0.0 |       0 |      29 |   0.0 |   655
           D:7 |       0 |    1145 |   0.0 |       0 |      19 |   0.0 |  1052
           D:8 |       0 |     766 |   0.0 |       0 |      19 |   0.0 |   367
           D:9 |       0 |     106 |   0.0 |       0 |       1 |   0.0 |    11
               +---------+---------+-------+---------+---------+-------+---------
